Workbook

Sheet 封面
A2: 2026
B5: 攀枝花统计月报
A7: 7月
A17: 二〇二六年八月

Sheet GDP
A1: 全市主要经济指标
A3: 1.地区生产总值
A4: 地区生产总值 | B4: 上半年 | C4: 累计±%
A5: 地区生产总值（万元） | B5: 7355789 | C5: 4.4
A6: # 第一产业增加值 | B6: 377089 | C6: 4
A7: 第二产业增加值 | B7: 4068403 | C7: 4
A8: 第三产业增加值 | B8: 2910297 | C8: 5
A9: # 批发和零售业增加值 | B9: 753126 | C9: 5.3
A10: 交通运输、仓储和邮政业增加值 | B10: 444126 | C10: 3.2
A11: 住宿和餐饮业增加值 | B11: 97625 | C11: 7
A12: 金融业增加值 | B12: 197326 | C12: 9.1
A13: 房地产业增加值 | B13: 259294 | C13: 2.4
A14: 其他服务业增加值 | B14: 1142622 | C14: 5

Sheet 工业
A1: 2.工业
A3: 规模以上工业增加值 | B3: 本月止累计±% | C3: 规模以上工业企业经济效益 | D3: 1-6月 | E3: 增长±%
A4: 规上工业增加值 | B4: 5.7 | C4: 企业单位数（个） | D4: 493
A5: #煤炭开采和洗选业 | B5: -6.4 | C5: 其中：亏损企业（个） | D5: 127
A6: 黑色金属矿采选业 | B6: 10.9 | C6: 亏损面（%） | D6: 25.760649
A7: 有色金属矿采选业 | B7: 8.6 | C7: 亏损企业亏损额（万元） | D7: 110242.4 | E7: 18.3
A8: 化学原料和化学制品制造业 | B8: 8.5 | C8: 流动资产合计（万元） | D8: 9358601.2 | E8: -1.6
A9: 非金属矿物制品业 | B9: -20.1 | C9: 其中：应收账款（万元） | D9: 1990616.5 | E9: 13.5
A10: 黑色金属冶炼和压延加工业 | B10: 9.4 | C10: 存货（万元） | D10: 1058196.8 | E10: 7.5
A11: 金属制品业 | B11: 30 | C11: 其中：产成品（万元） | D11: 491943.1 | E11: 9.1
A12: 通用设备制造业 | B12: -28.2 | C12: 资产总计（万元） | D12: 26265755 | E12: -5.5
A13: 废弃资源综合利用业 | B13: 18 | C13: 负债合计（万元） | D13: 13281088 | E13: -5.2
A14: 电力、热力生产和供应业 | B14: 7.4 | C14: 营业收入（万元） | D14: 6267244 | E14: -6.3
C15: 营业成本（万元） | D15: 5295953.9 | E15: -5.2
C16: 利润总额（万元） | D16: 558078.5 | E16: -17.5
C17: 平均用工人数（人） | D17: 64049 | E17: -8.6
C18: 资产负债率（%） | D18: 50.6 | E18: 0.2
C19: 营业收入利润率（%） | D19: 8.9 | E19: -1.21
C20: 每百元营业收入中的成本（元） | D20: 84.5 | E20: 0.98

Sheet 固投、社消
A1: ３.固定资产投资、商品房开发与销售 | C1: ４.国内贸易
A3: 固定资产投资 | B3: 本月止累计±% | C3: 社会消费品零售总额 | D3: 本月止 累计 | E3: 累计±%
A4: 一、固定资产投资 | B4: 0.9 | C4: 社会消费品零售总额（万元） | D4: 2338416.5 | E4: 4.0978721
A5: # 项目投资 | B5: 1.7 | C5: 城镇 | D5: 1798773.8 | E5: 3.4053021
A6: 民间投资 | B6: -14.2 | C6: 乡村 | D6: 539642.7 | E6: 6.4749231
A7: 工业投资 | B7: 3.8
A8: 工业性技改投资 | B8: -22.3
A9: (一)按构成分 | C9: 社会消费品零售总额中限上企业(万元）
A10: 1、建安工程 | B10: -8.9 | C10: 1.粮油、食品、饮料、烟酒类 | D10: 115929.5 | E10: 16.7
A11: 2、设备工器具购置 | B11: 47.2 | C11: 2.服装、鞋帽、针纺织品类 | D11: 3632.3 | E11: -38.5
A12: 3、其他费用 | B12: 260.2 | C12: 3.化妆品类 | D12: 3969.2 | E12: -2.1
A13: (二)按行业分 | C13: 4.金银珠宝类 | D13: 28.5 | E13: 122.7
A14: 1、第一产业 | B14: -24.5 | C14: 5.日用品类 | D14: 18574.6 | E14: 11.1
A15: 2、第二产业 | B15: 4.2 | C15: 6.体育、娱乐用品类 | D15: 573.5 | E15: 7.4
A16: 3、第三产业 | B16: 0.2 | C16: 7.书报杂志类 | D16: 7.1 | E16: 0
A17: （三）按结构分 | C17: 8.家用电器和音像器材类 | D17: 20826.3 | E17: 13.9
A18: 1、基础设施投资 | B18: 20.2 | C18: 9.中西药品类 | D18: 34423.6 | E18: 6.8
A19: 2、产业投资 | B19: -5.2 | C19: 10.文化办公用品类 | D19: 5900.5 | E19: 2.3
A20: 3、民生及社会事业投资 | B20: -1 | C20: 11.家具类 | D20: 1194.4 | E20: 19.4
A21: 4、房地产开发投资 | B21: -9.1 | C21: 12.通讯器材类 | D21: 13790.8 | E21: 1
A22: 5、其他投资 | B22: -42.3 | C22: 13.石油及制品类 | D22: 146268.6 | E22: -2.2
C23: 14.建筑及装潢材料类 | D23: 2253 | E23: 6.8
A24: 商品房开发与销售 | B24: 本月止累计±% | C24: 15.汽车类 | D24: 266070.7 | E24: 5.3
A25: 商品房施工面积 | B25: -14.7 | C25: 16.其他类 | D25: 19930.4 | E25: -4.9
A26: # 住宅 | B26: -10.8
A27: 商品房竣工面积 | B27: -42.5
A28: # 住宅 | B28: -39.9
A29: 商品房销售面积 | B29: 2.2
A30: # 住宅 | B30: 6.1
A31: 商品房待售面积 | B31: -34.9
A32: # 住宅 | B32: -32.9

Sheet 能源、外贸、招商、物价
A1: ５.能源、对外贸易、招商 | E1: ６.物价
A3: 综合能源消费量 | C3: 本月止累计 | D3: 累计±% | E3: 物价（上年同期=100） | F3: 环比涨跌幅 （%） | G3: 同比涨跌幅 （%） | H3: 1-7月平均同比涨跌幅（%）
A4: 规上工业综合能源消费量（万吨标准煤） | C4: 424.1256 | D4: -0.7 | E4: 居民消费价格 | F4: -0.3811484 | G4: 0.54802866 | H4: 1.286916
A5: （一）按工业行业分 | E5: 一、食品烟酒及在外餐饮 | F5: 0.14635939 | G5: -0.74521339 | H5: -0.14904426
A6: 采矿业 | C6: 50.1275 | D6: -12.2 | E6: 粮 食 | F6: 0.11482455 | G6: 4.0272463 | H6: 3.7091684
A7: 制造业 | C7: 368.5579 | D7: 0.8 | E7: 鲜 菜 | F7: -0.3359 | G7: -1.6888001 | H7: 0.56715101
A8: 电力、热力、燃气及水生产和供应业 | C8: 5.4402 | D8: 19.2 | E8: 畜 肉 类 | F8: 2.5268908 | G8: -7.6327508 | H8: -8.7239426
A9: （二）高耗能行业 | C9: 360.5615 | D9: 5.2 | E9: 水 产 品 | F9: 0.276739 | G9: -2.1687336 | H9: -0.1491534
E10: 蛋 类 | F10: 1.1008097 | G10: 13.633992 | H10: -1.3728585
A11: 全社会用电量(亿千瓦时) | C11: 106.80893 | D11: 4.55 | E11: 鲜 果 | F11: -5.4758 | G11: -0.44554301 | H11: 10.811344
A12: 其中：工业用电量 | C12: 92.197368 | D12: 3.47 | E12: 二、衣着 | F12: -0.49509732 | G12: 3.7129536 | H12: 3.384784
E13: 三、居住 | F13: 0 | G13: 0.45611346 | H13: 0.88811358
A14: 对外贸易 | C14: 本月止累计 | D14: 累计±% | E14: 四、生活用品及服务 | F14: 0.26608357 | G14: -0.80482573 | H14: 0.4208692
A15: 外贸进出口总额（亿元） | C15: 23.2 | D15: 22.5 | E15: 五、交通通信 | F15: -3.0439994 | G15: -0.11665028 | H15: 2.2364551
A16: 出口总额 | C16: 19.1 | D16: 71.9 | E16: 六、教育文化娱乐 | F16: 0.40928881 | G16: 2.9466972 | H16: 3.0050561
A17: 进口总额 | C17: 4.2 | D17: -47.1 | E17: 七、医疗保健 | F17: 0.34146983 | G17: 2.6519426 | H17: 2.2367717
E18: 八、其他用品及服务 | F18: -0.76101232 | G18: 1.4459234 | H18: 5.1686218
A19: 招商 | C19: 1-6月止累计 | D19: 累计±%
A20: 引进产业项目新增实际投资（亿元） | C20: 155.43 | D20: －

Sheet 畜、粮经、收入
A1: ７.畜禽、粮经 | F1: ８.城乡居民生活
A3: 畜禽存栏 | B3: 2026年 上半年 | C3: 2025年 上半年 | D3: 同比(%) | F3: 城镇居民人均收支 | G3: 上半年 | H3: 增幅（%）
A4: 猪（头） | B4: 441712 | C4: 388712 | D4: 13.6 | F4: 可支配收入（元） | G4: 28225.938 | H4: 3.8
A5: 其中：能繁殖母猪（头） | B5: 35712 | C5: 36465 | D5: -2.06 | F5: #工资性收入 | G5: 16791.189
A6: 牛（头） | B6: 73371 | C6: 75846 | D6: -3.26 | F6: 经营性净收入 | G6: 4065.4338
A7: 羊（只） | B7: 299876 | C7: 300286 | D7: -0.14 | F7: 财产性收入 | G7: 1064.8763
A8: 畜禽出栏 | F8: 转移性收入 | G8: 6304.4396
A9: 猪（头） | B9: 294068 | C9: 293017 | D9: 0.36 | F9: 生活消费支出（元） | G9: 15974.767 | H9: 3.9
A10: 牛（头） | B10: 16664 | C10: 16996 | D10: -1.95
A11: 羊（只） | B11: 139795 | C11: 171773 | D11: -18.62 | F11: 农村居民人均收支 | G11: =G3 -> 上半年 | H11: 增幅（%）
A12: 活家禽（只） | B12: 1502353 | C12: 1492984 | D12: 0.63 | F12: 可支配收入（元） | G12: 14628.655 | H12: 5.9
A13: 畜禽产品产量 | F13: #工资性收入 | G13: 6789.5607
A14: 肉类总产量（吨） | B14: 30589 | C14: 30198 | D14: =B14/C14*100-100 -> 1.2947877 | F14: 经营性净收入 | G14: 6281.3365
F15: 财产性收入 | G15: 363.18923
A16: 粮经 | B16: 播种面积 （万亩） | C16: 增速（%） | D16: 产量 （万吨） | E16: 增速（%） | F16: 转移性收入 | G16: 1194.568
A17: 夏粮（2026年） | B17: 9.37 | C17: -0.7 | D17: 1.83 | E17: -0.7 | F17: 生活消费支出（元） | G17: 9111.5345 | H17: 6
A18: 秋粮（2025年） | B18: 59.8705 | C18: 1.056297 | D18: 24.790094 | E18: 1.1
A19: 蔬菜及食用菌 | B19: 16.79 | C19: 1.7 | D19: 71.53 | E19: 4.9 | F19: 全体居民人均收支 | G19: =G11 -> 上半年 | H19: 增幅（%）
A20: 水果 | B20: - | C20: - | D20: 18.07 | E20: 9.5 | F20: 可支配收入（元） | G20: 23793.692 | H20: 4.2
F21: #工资性收入 | G21: 13531.002
F22: 经营性净收入 | G22: 4787.7419
F23: 财产性收入 | G23: 836.15044
F24: 转移性收入 | G24: 4638.7972
F25: 生活消费支出（元） | G25: 13737.59 | H25: 4.3

Sheet 财政、税收、金融
A1: ９.财政、税收 | D1: 10.金融
E2: 人民币 | G2: 本外币
A3: 一般公共预算收入 | B3: 本月止累计 | C3: 累计±% | D3: 金融存款 | E3: 本月余额 | F3: 比去年同期％ | G3: 本月余额 | H3: 比去年同期％
A4: 一般公共预算收入（万元） | B4: 540070 | C4: 3.4 | D4: 金融机构各项存款余额（万元） | E4: 17212747 | F4: 7.2638188 | G4: 17255635 | H4: 7.26
A5: 其中：税收收入 | B5: 343385 | C5: 7.3 | D5: 境内存款 | E5: 17211215 | F5: 7.2678953 | G5: 17254054 | H5: 7.27
A6: 非税收入 | B6: 196685 | C6: -2.7 | D6: 1.住户存款 | E6: 13052095 | F6: 8.3903877 | G6: 13074148 | H6: 8.43
A7: 政府性基金收入（万元） | B7: 41820 | C7: -23.4 | D7: 2.非金融企业存款 | E7: 1438917.9 | F7: -6.6572024 | G7: 1459645 | H7: -6.73
D8: 3.广义政府存款 | E8: 2719749.1 | F8: 10.530239 | G8: 2719806.2 | H8: 10.53
A9: 一般公共预算支出 | B9: 本月止累计 | C9: 累计±% | D9: 4.非银行业金融机构存款 | E9: 453.38866 | F9: -60.60057 | G9: 454.85755 | H9: -60.52
A10: 一般公共预算支出（万元） | B10: 1065568 | C10: 11.6 | D10: 境外存款 | E10: 1531.9574 | F10: -24.830156 | G10: 1581.1011 | H10: -23.71
A11: 其中：一般公共服务 | B11: 103755 | C11: -13.9
A12: 教育 | B12: 159592 | C12: 0.6 | D12: 金融贷款
A13: 社会保障和就业 | B13: 142756 | C13: 1.2 | D13: 金融机构各项贷款余额（万元） | E13: 12234985 | F13: 10.209599 | G13: 12238250 | H13: 10.18
A14: 政府性基金支出（万元） | B14: 296217 | C14: -14.7 | D14: 境内贷款 | E14: 12234985 | F14: 10.209929 | G14: 12238250 | H14: 10.18
D15: 1.住户贷款 | E15: 2858848.9 | F15: 7.7280361 | G15: 2858986.2 | H15: 7.73
A16: 税务局组织收入 | B16: 本月止累计 | C16: 累计±% | D16: 2.非金融企业及机关团体贷款 | E16: 9333136.4 | F16: 11.503512 | G16: 9336263.7 | H16: 11.46
A17: 税务局组织收入总计（万元） | B17: 1339785 | C17: 5.13 | D17: 经营贷款 | E17: 3981746.2 | F17: 9.2959872 | G17: 3981746.2 | H17: 9.2959872
A18: # 税收合计 | B18: 716270 | C18: 7.11 | D18: 固定资产贷款 | E18: 3438698.1 | F18: 0.47500801 | G18: 3441825.4 | H18: 0.44007915
A19: # 第三产业 | B19: 238509 | C19: 4.33 | D19: 票据融资 | E19: 1223985.8 | F19: 25.629804 | G19: 1223985.8 | H19: 25.63
A20: 增值税 | B20: 315760 | C20: 10.58 | D20: 3.非银行金融机构贷款 | E20: 43000 | F20: -44.516129 | G20: 43000 | H20: -44.52
A21: 消费税 | B21: 11376 | C21: -2.13 | D21: 境外贷款 | E21: 0.118243 | F21: -99.644543 | G21: 0.118243 | H21: -99.64
A22: 注：在税务局组织收入总计累计数据中，出口退税466万元， | D22: 企业金融贷款 | E22: 8068033.8 | F22: 9.5852167 | G22: 8068033.8 | H22: 9.5605715
A23: 非税收入143017万元

Sheet 县区
A1: 四、县（区）主要经济指标
B4: 地区生产总值（GDP） | D4: 第一产业增加值 | H4: 规上工业 增加值 | I4: 固定资产投资 | J4: 社会消费品零售总额 | N4: 城镇居民人均 可支配收入 | P4: 农村居民人均 可支配收入 | T4: 规上服务业 | V4: 限上批零住餐企业
B5: 上半年 （万元） | C5: 增长 ±% | D5: =B5 -> 上半年 （万元） | E5: 增长 ±% | H5: 本月止 累计±% | I5: 本月止 累计±% | J5: 本月止累计 （万元） | K5: 增长 ±% | N5: 上半年（元） | O5: 增长±% | P5: =N5 -> 上半年（元） | Q5: 增长±% | T5: 在库 总数 | U5: =O17 -> 新增累计 | V5: 在库 总数 | W5: =U5 -> 新增累计
A6: 全 市 | B6: 7355789 | C6: 4.4 | D6: 377089 | E6: 4 | G6: 全 市 | H6: =工业!B4 -> 5.7 | I6: =固投、社消!B4 -> 0.9 | J6: =固投、社消!D4 -> 2338416.5 | K6: =固投、社消!E4 -> 4.0978721 | M6: 全 市 | N6: =畜、粮经、收入!G4 -> 28225.938 | O6: =畜、粮经、收入!H4 -> 3.8 | P6: =畜、粮经、收入!G12 -> 14628.655 | Q6: =畜、粮经、收入!H12 -> 5.9 | S6: 全 市 | T6: 260 | U6: 4 | V6: 655 | W6: 20
A7: 东 区 | B7: 3260188 | C7: 4.8 | D7: 8169 | E7: 3.8 | G7: 东 区 | H7: 8.9 | I7: 0.1 | J7: 883875.7 | K7: 2.629198 | M7: 东 区 | N7: 30029.974 | O7: 3.6589467 | P7: － | Q7: － | S7: 东 区 | T7: 116 | U7: 2 | V7: 215 | W7: 5
A8: 西 区 | B8: 542214 | C8: 0.8 | D8: 9827 | E8: 3.5 | G8: 西 区 | H8: -0.6 | I8: -9.4 | J8: 184535.6 | K8: 4.0402098 | M8: 西 区 | N8: 26534.937 | O8: 3.8631526 | P8: － | Q8: － | S8: 西 区 | T8: 33 | U8: 1 | V8: 100 | W8: 2
A9: 仁和区 | B9: 1492541 | C9: 3.7 | D9: 115281 | E9: 4.1 | G9: 仁和区 | H9: -1.9 | I9: 0.3 | J9: 714830.3 | K9: 5.2442017 | M9: 仁和区 | N9: 27207.561 | O9: 3.6795974 | P9: 12754.974 | Q9: 6.0704153 | S9: 仁和区 | T9: 46 | U9: 1 | V9: 165 | W9: 8
A10: 米易县 | B10: 1110723 | C10: 5.7 | D10: 131349 | E10: 4 | G10: 米易县 | H10: 9.7 | I10: 0.3 | J10: 287749.7 | K10: 4.5878399 | M10: 米易县 | N10: 26338.719 | O10: 4.0657034 | P10: 14305.711 | Q10: 5.9922407 | S10: 米易县 | T10: 38 | V10: 78 | W10: 5
A11: 盐边县 | B11: 950123 | C11: 4.8 | D11: 112463 | E11: 4 | G11: 盐边县 | H11: 5.9 | I11: 15 | J11: 267425.2 | K11: 5.5251037 | M11: 盐边县 | N11: 26199.721 | O11: 3.9683385 | P11: 16569.912 | Q11: 5.6016845 | S11: 盐边县 | T11: 27 | V11: 97
G12: 国家钒钛 高新区 | H12: 7.5 | I12: 3.2 | J12: － | K12: －
B15: 第二产业增加值 | D15: 第三产业增加值 | H15: 一般公共预算收入 | J15: 一般公共预算支出 | N15: 县（区）“四上”企业入库情况
B16: =B5 -> 上半年 （万元） | C16: 增长 ±% | D16: =D5 -> 上半年 （万元） | E16: 增长 ±% | H16: 本月止累计（万元） | I16: 增长 ±% | J16: =H16 -> 本月止累计（万元） | K16: 增长±% | N16: 合 计 | P16: 规上工业 | T16: 资质内建筑业 | V16: 房地产
A17: 全 市 | B17: 4068403 | C17: 4 | D17: 2910297 | E17: 5 | G17: 全 市 | H17: =财政、税收、金融!B4 -> 540070 | I17: =财政、税收、金融!C4 -> 3.4 | J17: =财政、税收、金融!B10 -> 1065568 | K17: =财政、税收、金融!C10 -> 11.6 | N17: 在库 总数 | O17: 新增累计 | P17: 在库 总数 | Q17: =O17 -> 新增累计 | T17: 在库 总数 | U17: =O17 -> 新增累计 | V17: 在库 总数 | W17: =O17 -> 新增累计
A18: 东 区 | B18: 1956447 | C18: 4.8 | D18: 1295572 | E18: 4.7 | G18: 东 区 | H18: 61525 | I18: 1.4 | J18: 129239 | K18: 1.8 | M18: 全 市 | N18: =P18+T6+V6+T18+V18 -> 1658 | O18: =Q18+U6+W6+U18+W18 -> 39 | P18: 493 | Q18: 12 | S18: 全 市 | T18: 146 | U18: 1 | V18: 104 | W18: 2
A19: 西 区 | B19: 333829 | C19: -1.1 | D19: 198558 | E19: 4.1 | G19: 西 区 | H19: 17817 | I19: 6.9 | J19: 75642 | K19: 8.4 | M19: 东 区 | N19: =P19+T7+V7+T19+V19 -> 510 | O19: =Q19+U7+W7+U19+W19 -> 12 | P19: 77 | Q19: 4 | S19: 东 区 | T19: 60 | V19: 42 | W19: 1
A20: 仁和区 | B20: 768475 | C20: 2.5 | D20: 608785 | E20: 5 | G20: 仁和区 | H20: 74380 | I20: 2.2 | J20: 154147 | K20: 13.1 | M20: 西 区 | N20: =P20+T8+V8+T20+V20 -> 240 | O20: =Q20+U8+W8+U20+W20 -> 3 | P20: 87 | S20: 西 区 | T20: 14 | V20: 6
A21: 米易县 | B21: 505707 | C21: 6.7 | D21: 473667 | E21: 5.1 | G21: 米易县 | H21: 114576 | I21: 12.6 | J21: 156443 | K21: 9.6 | M21: 仁和区 | N21: =P21+T9+V9+T21+V21 -> 450 | O21: =Q21+U9+W9+U21+W21 -> 12 | P21: 173 | Q21: 2 | S21: 仁和区 | T21: 37 | V21: 29 | W21: 1
A22: 盐边县 | B22: 503945 | C22: 4.2 | D22: 333715 | E22: 6 | G22: 盐边县 | H22: 101492 | I22: 0.4 | J22: 137861 | K22: 4.1 | M22: 米易县 | N22: =P22+T10+V10+T22+V22 -> 232 | O22: =Q22+U10+W10+U22+W22 -> 7 | P22: 80 | Q22: 1 | S22: 米易县 | T22: 19 | U22: 1 | V22: 17
M23: 盐边县 | N23: =P23+T11+V11+T23+V23 -> 226 | O23: =Q23+U11+W11+U23+W23 -> 5 | P23: 76 | Q23: 5 | S23: 盐边县 | T23: 16 | V23: 10

Sheet 全国全省及市州
A1: 五.全国全省及市（州）主要经济指标
B3: 地区生产总值 | E3: 第一产业增加值 | I3: 第二产业增加值 | L3: 第三产业增加值 | P3: 规上工业增加值 | S3: 规上工业产品产销率 | V3: 固定资产投资 | Y3: 社会消费品零售总额 | AC3: 一般公共预算收入 | AF3: 一般公共预算支出 | AI3: 城镇居民人均可支配收入 | AM3: 农村居民人均可支配收入
B4: 上半年 (亿元） | C4: 增长±％ | D4: 位次 | E4: =B4 -> 上半年 (亿元） | F4: 增长±％ | G4: 位次 | I4: =B4 -> 上半年 (亿元） | J4: 增长±％ | K4: 位次 | L4: =B4 -> 上半年 (亿元） | M4: 增长±％ | N4: 位次 | P4: 本月 ±％ | Q4: 本月止 累计±％ | R4: 位次 | S4: 本月止 累计％ | T4: 位次 | V4: 本月止 累计±％ | W4: 位次 | Y4: 本月止累计 （亿元） | Z4: 本月止 累计±％ | AA4: 位次 | AC4: 1-6月累计 （亿元） | AD4: 位次 | AF4: =AC4 -> 1-6月累计 （亿元） | AG4: =AD4 -> 位次 | AI4: 上半年（元） | AJ4: 累计±％ | AK4: 位次 | AM4: =AI4 -> 上半年（元） | AN4: 累计±％ | AO4: 位次
A5: 全 国 | B5: 695704 | C5: 4.7 | E5: 31522 | F5: 3.7 | H5: 全 国 | I5: 250473 | J5: 3.9 | L5: 413709 | M5: 5.2 | O5: 全 国 | P5: 4.5 | Q5: 5.3 | S5: 96 | U5: 全 国 | V5: -6.7 | X5: 全 国 | Y5: 287744 | Z5: 1.2 | AB5: 全 国 | AC5: 121047 | AE5: 全 国 | AF5: 143329 | AH5: 全 国 | AI5: 30126 | AJ5: 4.4 | AL5: 全 国 | AM5: 12699 | AN5: 6.4
A6: 全 省 | B6: 33629.45 | C6: 4.8 | E6: 1953.46 | F6: 3.6 | H6: 全 省 | I6: 11614.08 | J6: 4.9 | L6: 20034.92 | M6: 4.8 | O6: 全 省 | P6: 7.1 | Q6: 6.6 | S6: 95.3 | U6: 全 省 | V6: -2.7 | X6: 全 省 | Y6: 16826.3 | Z6: 1.9 | AB6: 全 省 | AC6: 3297.7855 | AE6: 全 省 | AF6: 7432.4694 | AH6: 全 省 | AI6: 26566 | AJ6: 4.2 | AL6: 全 省 | AM6: 12820 | AN6: 6.3
A7: 成 都 | B7: 12884.25 | C7: 5 | D7: =RANK(C7,$C$7:$C$27) -> 11 | E7: 182.27 | F7: 3.4 | G7: =RANK(F7,$F$7:$F$27) -> 15 | H7: 成 都 | I7: 3446.97 | J7: 5.3 | K7: =RANK(J7,$J$7:$J$27) -> 10 | L7: 9255.01 | M7: 4.9 | N7: =RANK(M7,$M$7:$M$27) -> 15 | O7: 成 都 | P7: 4.7 | Q7: 6.2 | R7: =RANK(Q7,$Q$7:$Q$27) -> 15 | S7: 95.8 | T7: =RANK(S7,$S$7:$S$27) -> 11 | U7: 成 都 | V7: -0.7 | W7: =RANK(V7,$V$7:$V$27) -> 16 | X7: 成 都 | Y7: 6639.3 | Z7: 1.4 | AA7: =RANK(Z7,$Z$7:$Z$27) -> 19 | AB7: 成 都 | AC7: 1049.0678 | AD7: =RANK(AC7,$AC$7:$AC$27) -> 1 | AE7: 成 都 | AF7: 1361.1194 | AG7: =RANK(AF7,$AF$7:$AF$27) -> 1 | AH7: 成 都 | AI7: 31456 | AJ7: 4.2 | AK7: =RANK(AJ7,$AJ$7:AJ$27) -> 10 | AL7: 成 都 | AM7: 19568 | AN7: 6.1 | AO7: =RANK(AN7,$AN$7:AN$27) -> 14
A8: 自 贡 | B8: 995.58 | C8: 5.8 | D8: =RANK(C8,$C$7:$C$27) -> 3 | E8: 87.83 | F8: 3.7 | G8: =RANK(F8,$F$7:$F$27) -> 9 | H8: 自 贡 | I8: 298.66 | J8: 6.2 | K8: =RANK(J8,$J$7:$J$27) -> 5 | L8: 609.09 | M8: 6 | N8: =RANK(M8,$M$7:$M$27) -> 2 | O8: 自 贡 | P8: 7.2 | Q8: 10.5 | R8: =RANK(Q8,$Q$7:$Q$27) -> 4 | S8: 96.5 | T8: =RANK(S8,$S$7:$S$27) -> 6 | U8: 自 贡 | V8: 0.7 | W8: =RANK(V8,$V$7:$V$27) -> 11 | X8: 自 贡 | Y8: 471.7 | Z8: 4.4 | AA8: =RANK(Z8,$Z$7:$Z$27) -> 8 | AB8: 自 贡 | AC8: 48.3917 | AD8: =RANK(AC8,$AC$7:$AC$27) -> 17 | AE8: 自 贡 | AF8: 161.9846 | AG8: =RANK(AF8,$AF$7:$AF$27) -> 18 | AH8: 自 贡 | AI8: 26746 | AJ8: 4.5 | AK8: =RANK(AJ8,$AJ$7:AJ$27) -> 4 | AL8: 自 贡 | AM8: 13137 | AN8: 6.4 | AO8: =RANK(AN8,$AN$7:AN$27) -> 8
A9: 攀枝花 | B9: 735.58 | C9: 4.4 | D9: =RANK(C9,$C$7:$C$27) -> 17 | E9: 37.71 | F9: 4 | G9: =RANK(F9,$F$7:$F$27) -> 5 | H9: 攀枝花 | I9: 406.84 | J9: 4 | K9: =RANK(J9,$J$7:$J$27) -> 15 | L9: 291.03 | M9: 5 | N9: =RANK(M9,$M$7:$M$27) -> 13 | O9: 攀枝花 | P9: 10.7 | Q9: 5.7 | R9: =RANK(Q9,$Q$7:$Q$27) -> 17 | S9: 97.7 | T9: =RANK(S9,$S$7:$S$27) -> 3 | U9: 攀枝花 | V9: 0.9 | W9: =RANK(V9,$V$7:$V$27) -> 8 | X9: 攀枝花 | Y9: 233.8 | Z9: 4.1 | AA9: =RANK(Z9,$Z$7:$Z$27) -> 11 | AB9: 攀枝花 | AC9: 47.3 | AD9: =RANK(AC9,$AC$7:$AC$27) -> 19 | AE9: 攀枝花 | AF9: 94.4759 | AG9: =RANK(AF9,$AF$7:$AF$27) -> 21 | AH9: 攀枝花 | AI9: 28226 | AJ9: 3.8 | AK9: =RANK(AJ9,$AJ$7:AJ$27) -> 18 | AL9: 攀枝花 | AM9: 14629 | AN9: 5.9 | AO9: =RANK(AN9,$AN$7:AN$27) -> 18
A10: 泸 州 | B10: 1425.32 | C10: 5.5 | D10: =RANK(C10,$C$7:$C$27) -> 5 | E10: 89.42 | F10: 3.6 | G10: =RANK(F10,$F$7:$F$27) -> 11 | H10: 泸 州 | I10: 636.92 | J10: 6 | K10: =RANK(J10,$J$7:$J$27) -> 7 | L10: 698.98 | M10: 5.3 | N10: =RANK(M10,$M$7:$M$27) -> 10 | O10: 泸 州 | P10: 8.7 | Q10: 9.1 | R10: =RANK(Q10,$Q$7:$Q$27) -> 7 | S10: 91.8 | T10: =RANK(S10,$S$7:$S$27) -> 21 | U10: 泸 州 | V10: 0.6 | W10: =RANK(V10,$V$7:$V$27) -> 12 | X10: 泸 州 | Y10: 881.2 | Z10: 2.4 | AA10: =RANK(Z10,$Z$7:$Z$27) -> 15 | AB10: 泸 州 | AC10: 143.0543 | AD10: =RANK(AC10,$AC$7:$AC$27) -> 3 | AE10: 泸 州 | AF10: 310.1582 | AG10: =RANK(AF10,$AF$7:$AF$27) -> 5 | AH10: 泸 州 | AI10: 27017 | AJ10: 3.9 | AK10: =RANK(AJ10,$AJ$7:AJ$27) -> 16 | AL10: 泸 州 | AM10: 12402 | AN10: 6.5 | AO10: =RANK(AN10,$AN$7:AN$27) -> 6
A11: 德 阳 | B11: 1654.9 | C11: 3.5 | D11: =RANK(C11,$C$7:$C$27) -> 20 | E11: 97.02 | F11: 3.2 | G11: =RANK(F11,$F$7:$F$27) -> 18 | H11: 德 阳 | I11: 845.28 | J11: 3.5 | K11: =RANK(J11,$J$7:$J$27) -> 19 | L11: 712.6 | M11: 3.4 | N11: =RANK(M11,$M$7:$M$27) -> 20 | O11: 德 阳 | P11: 7.7 | Q11: 4.6 | R11: =RANK(Q11,$Q$7:$Q$27) -> 19 | S11: 94.6 | T11: =RANK(S11,$S$7:$S$27) -> 14 | U11: 德 阳 | V11: -4.1 | W11: =RANK(V11,$V$7:$V$27) -> 18 | X11: 德 阳 | Y11: 670.1 | Z11: 1.5 | AA11: =RANK(Z11,$Z$7:$Z$27) -> 18 | AB11: 德 阳 | AC11: 124.7424 | AD11: =RANK(AC11,$AC$7:$AC$27) -> 6 | AE11: 德 阳 | AF11: 237.8422 | AG11: =RANK(AF11,$AF$7:$AF$27) -> 8 | AH11: 德 阳 | AI11: 28004 | AJ11: 3.9 | AK11: =RANK(AJ11,$AJ$7:AJ$27) -> 16 | AL11: 德 阳 | AM11: 13971 | AN11: 5.8 | AO11: =RANK(AN11,$AN$7:AN$27) -> 20
A12: 绵 阳 | B12: 2259.55 | C12: 5.4 | D12: =RANK(C12,$C$7:$C$27) -> 6 | E12: 125.73 | F12: 4 | G12: =RANK(F12,$F$7:$F$27) -> 5 | H12: 绵 阳 | I12: 923.78 | J12: 3.9 | K12: =RANK(J12,$J$7:$J$27) -> 16 | L12: 1210.04 | M12: 6.8 | N12: =RANK(M12,$M$7:$M$27) -> 1 | O12: 绵 阳 | P12: 7.8 | Q12: 6.2 | R12: =RANK(Q12,$Q$7:$Q$27) -> 15 | S12: 94.4 | T12: =RANK(S12,$S$7:$S$27) -> 15 | U12: 绵 阳 | V12: 0.2 | W12: =RANK(V12,$V$7:$V$27) -> 15 | X12: 绵 阳 | Y12: 1184.1 | Z12: 3 | AA12: =RANK(Z12,$Z$7:$Z$27) -> 13 | AB12: 绵 阳 | AC12: 137.7216 | AD12: =RANK(AC12,$AC$7:$AC$27) -> 4 | AE12: 绵 阳 | AF12: 313.9582 | AG12: =RANK(AF12,$AF$7:$AF$27) -> 4 | AH12: 绵 阳 | AI12: 27306 | AJ12: 4.5 | AK12: =RANK(AJ12,$AJ$7:AJ$27) -> 4 | AL12: 绵 阳 | AM12: 14097 | AN12: 6.2 | AO12: =RANK(AN12,$AN$7:AN$27) -> 12
A13: 广 元 | B13: 673.51 | C13: 5.3 | D13: =RANK(C13,$C$7:$C$27) -> 7 | E13: 73.97 | F13: 3.7 | G13: =RANK(F13,$F$7:$F$27) -> 9 | H13: 广 元 | I13: 246.67 | J13: 6.7 | K13: =RANK(J13,$J$7:$J$27) -> 3 | L13: 352.87 | M13: 4.6 | N13: =RANK(M13,$M$7:$M$27) -> 16 | O13: 广 元 | P13: 1.3 | Q13: 9.5 | R13: =RANK(Q13,$Q$7:$Q$27) -> 6 | S13: 95.9 | T13: =RANK(S13,$S$7:$S$27) -> 10 | U13: 广 元 | V13: 0.6 | W13: =RANK(V13,$V$7:$V$27) -> 12 | X13: 广 元 | Y13: 328.7 | Z13: 4.5 | AA13: =RANK(Z13,$Z$7:$Z$27) -> 6 | AB13: 广 元 | AC13: 48.3179 | AD13: =RANK(AC13,$AC$7:$AC$27) -> 18 | AE13: 广 元 | AF13: 195.0959 | AG13: =RANK(AF13,$AF$7:$AF$27) -> 13 | AH13: 广 元 | AI13: 25113 | AJ13: 4.7 | AK13: =RANK(AJ13,$AJ$7:AJ$27) -> 2 | AL13: 广 元 | AM13: 11321 | AN13: 6.5 | AO13: =RANK(AN13,$AN$7:AN$27) -> 6
A14: 遂 宁 | B14: 963.7 | C14: 5.1 | D14: =RANK(C14,$C$7:$C$27) -> 10 | E14: 79.8 | F14: 3.9 | G14: =RANK(F14,$F$7:$F$27) -> 7 | H14: 遂 宁 | I14: 406.67 | J14: 4.6 | K14: =RANK(J14,$J$7:$J$27) -> 12 | L14: 477.23 | M14: 5.7 | N14: =RANK(M14,$M$7:$M$27) -> 5 | O14: 遂 宁 | P14: 9.1 | Q14: 6.7 | R14: =RANK(Q14,$Q$7:$Q$27) -> 13 | S14: 97.3 | T14: =RANK(S14,$S$7:$S$27) -> 4 | U14: 遂 宁 | V14: 2.2 | W14: =RANK(V14,$V$7:$V$27) -> 5 | X14: 遂 宁 | Y14: 417.1 | Z14: 4.5 | AA14: =RANK(Z14,$Z$7:$Z$27) -> 6 | AB14: 遂 宁 | AC14: 57.9295 | AD14: =RANK(AC14,$AC$7:$AC$27) -> 13 | AE14: 遂 宁 | AF14: 162.183 | AG14: =RANK(AF14,$AF$7:$AF$27) -> 17 | AH14: 遂 宁 | AI14: 25967 | AJ14: 4.6 | AK14: =RANK(AJ14,$AJ$7:AJ$27) -> 3 | AL14: 遂 宁 | AM14: 13326 | AN14: 6.7 | AO14: =RANK(AN14,$AN$7:AN$27) -> 3
A15: 内 江 | B15: 1004.75 | C15: 4.6 | D15: =RANK(C15,$C$7:$C$27) -> 16 | E15: 91.03 | F15: 3.4 | G15: =RANK(F15,$F$7:$F$27) -> 15 | H15: 内 江 | I15: 379.89 | J15: 3.7 | K15: =RANK(J15,$J$7:$J$27) -> 17 | L15: 533.83 | M15: 5.5 | N15: =RANK(M15,$M$7:$M$27) -> 7 | O15: 内 江 | P15: 7.6 | Q15: 4.5 | R15: =RANK(Q15,$Q$7:$Q$27) -> 20 | S15: 96.5 | T15: =RANK(S15,$S$7:$S$27) -> 6 | U15: 内 江 | V15: 0.8 | W15: =RANK(V15,$V$7:$V$27) -> 10 | X15: 内 江 | Y15: 439.2 | Z15: 4.2 | AA15: =RANK(Z15,$Z$7:$Z$27) -> 10 | AB15: 内 江 | AC15: 59.4224 | AD15: =RANK(AC15,$AC$7:$AC$27) -> 12 | AE15: 内 江 | AF15: 188.1609 | AG15: =RANK(AF15,$AF$7:$AF$27) -> 14 | AH15: 内 江 | AI15: 27505 | AJ15: 4.1 | AK15: =RANK(AJ15,$AJ$7:AJ$27) -> 12 | AL15: 内 江 | AM15: 13454 | AN15: 6.8 | AO15: =RANK(AN15,$AN$7:AN$27) -> 2
A16: 乐 山 | B16: 1184.3 | C16: 4.2 | D16: =RANK(C16,$C$7:$C$27) -> 18 | E16: 99.76 | F16: 4.4 | G16: =RANK(F16,$F$7:$F$27) -> 3 | H16: 乐 山 | I16: 449.4 | J16: 2.1 | K16: =RANK(J16,$J$7:$J$27) -> 21 | L16: 635.14 | M16: 5.6 | N16: =RANK(M16,$M$7:$M$27) -> 6 | O16: 乐 山 | P16: 8.8 | Q16: 4.3 | R16: =RANK(Q16,$Q$7:$Q$27) -> 21 | S16: 93.6 | T16: =RANK(S16,$S$7:$S$27) -> 17 | U16: 乐 山 | V16: 2.2 | W16: =RANK(V16,$V$7:$V$27) -> 5 | X16: 乐 山 | Y16: 596.5 | Z16: 5.4 | AA16: =RANK(Z16,$Z$7:$Z$27) -> 2 | AB16: 乐 山 | AC16: 100.8204 | AD16: =RANK(AC16,$AC$7:$AC$27) -> 7 | AE16: 乐 山 | AF16: 219.3859 | AG16: =RANK(AF16,$AF$7:$AF$27) -> 10 | AH16: 乐 山 | AI16: 25885 | AJ16: 3.8 | AK16: =RANK(AJ16,$AJ$7:AJ$27) -> 18 | AL16: 乐 山 | AM16: 13020 | AN16: 5.9 | AO16: =RANK(AN16,$AN$7:AN$27) -> 18
A17: 南 充 | B17: 1376.31 | C17: 3.1 | D17: =RANK(C17,$C$7:$C$27) -> 21 | E17: 166.2 | F17: 3.6 | G17: =RANK(F17,$F$7:$F$27) -> 11 | H17: 南 充 | I17: 339.75 | J17: 2.7 | K17: =RANK(J17,$J$7:$J$27) -> 20 | L17: 870.36 | M17: 3.1 | N17: =RANK(M17,$M$7:$M$27) -> 21 | O17: 南 充 | P17: 5.5 | Q17: 8.2 | R17: =RANK(Q17,$Q$7:$Q$27) -> 8 | S17: 96.3 | T17: =RANK(S17,$S$7:$S$27) -> 8 | U17: 南 充 | V17: -26.4 | W17: =RANK(V17,$V$7:$V$27) -> 21 | X17: 南 充 | Y17: 945.9 | Z17: -7.2 | AA17: =RANK(Z17,$Z$7:$Z$27) -> 21 | AB17: 南 充 | AC17: 78.0673 | AD17: =RANK(AC17,$AC$7:$AC$27) -> 10 | AE17: 南 充 | AF17: 308.626 | AG17: =RANK(AF17,$AF$7:$AF$27) -> 6 | AH17: 南 充 | AI17: 23570 | AJ17: 3.7 | AK17: =RANK(AJ17,$AJ$7:AJ$27) -> 20 | AL17: 南 充 | AM17: 11670 | AN17: 6 | AO17: =RANK(AN17,$AN$7:AN$27) -> 16
A18: 眉 山 | B18: 1001.36 | C18: 6 | D18: =RANK(C18,$C$7:$C$27) -> 2 | E18: 88.17 | F18: 3.8 | G18: =RANK(F18,$F$7:$F$27) -> 8 | H18: 眉 山 | I18: 425.21 | J18: 6.7 | K18: =RANK(J18,$J$7:$J$27) -> 3 | L18: 487.98 | M18: 5.8 | N18: =RANK(M18,$M$7:$M$27) -> 3 | O18: 眉 山 | P18: 11 | Q18: 11 | R18: =RANK(Q18,$Q$7:$Q$27) -> 3 | S18: 96.1 | T18: =RANK(S18,$S$7:$S$27) -> 9 | U18: 眉 山 | V18: 1.5 | W18: =RANK(V18,$V$7:$V$27) -> 7 | X18: 眉 山 | Y18: 445.5 | Z18: 5 | AA18: =RANK(Z18,$Z$7:$Z$27) -> 4 | AB18: 眉 山 | AC18: 99.3777 | AD18: =RANK(AC18,$AC$7:$AC$27) -> 9 | AE18: 眉 山 | AF18: 168.886 | AG18: =RANK(AF18,$AF$7:$AF$27) -> 15 | AH18: 眉 山 | AI18: 26792 | AJ18: 4.3 | AK18: =RANK(AJ18,$AJ$7:AJ$27) -> 8 | AL18: 眉 山 | AM18: 14704 | AN18: 6.6 | AO18: =RANK(AN18,$AN$7:AN$27) -> 4
... A27: 凉 山 | B27: 1198.68 | C27: 3.8 | D27: =RANK(C27,$C$7:$C$27) -> 19 | E27: 136.09 | F27: 3.1 | G27: =RANK(F27,$F$7:$F$27) -> 20 | H27: 凉 山 | I27: 430.9 | J27: 4.5 | K27: =RANK(J27,$J$7:$J$27) -> 14 | L27: 631.69 | M27: 3.5 | N27: =RANK(M27,$M$7:$M$27) -> 19 | O27: 凉 山 | P27: 12.4 | Q27: 6.8 | R27: =RANK(Q27,$Q$7:$Q$27) -> 12 | S27: 93.2 | T27: =RANK(S27,$S$7:$S$27) -> 20 | U27: 凉 山 | V27: 8.5 | W27: =RANK(V27,$V$7:$V$27) -> 3 | X27: 凉 山 | Y27: 586.6 | Z27: 1.9 | AA27: =RANK(Z27,$Z$7:$Z$27) -> 16 | AB27: 凉 山 | AC27: 125.5269 | AD27: =RANK(AC27,$AC$7:$AC$27) -> 5 | AE27: 凉 山 | AF27: 393.7202 | AG27: =RANK(AF27,$AF$7:$AF$27) -> 2 | AH27: 凉 山 | AI27: 20881 | AJ27: 3.6 | AK27: =RANK(AJ27,$AJ$7:AJ$27) -> 21 | AL27: 凉 山 | AM27: 8456 | AN27: 6.4 | AO27: =RANK(AN27,$AN$7:AN$27) -> 8

Sheet 中圈
A1: 六.“中圈层”市(州)主要经济指标
B4: 地区生产总值 | D4: 第一产业增加值 | H4: 规上工业 增加值 | I4: 固定资产投资 | J4: 社会消费品零售总额 | K4: 一般公共预算收入
B5: 上半年 （亿元） | C5: 增长 ±% | D5: =B5 -> 上半年 （亿元） | E5: 增长 ±% | H5: 1-6月 增长±％ | I5: =H5 -> 1-6月 增长±％ | J5: =H5 -> 1-6月 增长±％ | K5: 1-6月 （亿元） | L5: 增长 ±%
A6: 攀枝花 | B6: 735.58 | C6: 4.4 | D6: 37.71 | E6: 4 | G6: 攀枝花 | H6: 4.9 | I6: 0.2 | J6: 4.1 | K6: 47.3 | L6: 1.8
A7: 凉山州 | B7: 1198.68 | C7: 3.8 | D7: 136.09 | E7: 3.1 | G7: 凉山州 | H7: 6.3 | I7: 9.9 | J7: 2.3 | K7: 125.5269 | L7: 6.5
A8: 昭通市 | B8: 1018.3834 | C8: 4 | D8: 57.6122 | E8: 2.4 | G8: 昭通市 | H8: 1.1 | I8: 2.5 | J8: -3.0384362 | K8: 54.998 | L8: -4.4
A9: 丽江市 | B9: 357.0214 | C9: 0.2 | D9: 19.4559 | E9: 3 | G9: 丽江市 | H9: -17.9 | I9: 0.5 | J9: -2.5242654 | K9: 23.3577 | L9: -20.2
A10: 楚雄州 | B10: 978.2566 | C10: -2.5 | D10: 104.6039 | E10: 2.9 | G10: 楚雄州 | H10: -5.2 | I10: -37 | J10: -7.2450228 | K10: 48.0793 | L10: -12.6
A11: 大理州 | B11: 985.2878 | C11: 2.5 | D11: 116.5825 | E11: 2.8 | G11: 大理州 | H11: 1.2 | I11: 0.8 | J11: -1.7816849 | K11: 46.6195 | L11: -7.4
G12: 注:云南省4个市州数据根据云南省月报及相关分析材料收集整理，供参考
B14: 第二产业增加值 | D14: 第三产业增加值 | H14: 城镇居民人均可支配收入 | J14: 农村居民人均可支配收入
B15: =B5 -> 上半年 （亿元） | C15: 增长 ±% | D15: =B5 -> 上半年 （亿元） | E15: 增长 ±% | H15: 2023年（元） | I15: 增长±% | J15: =H15 -> 2023年（元） | K15: 增长±%
A16: 攀枝花 | B16: 406.84 | C16: 4 | D16: 291.03 | E16: 5 | G16: 攀枝花 | I16: 3.9 | K16: 6.9
A17: 凉山州 | B17: 430.9 | C17: 4.5 | D17: 631.69 | E17: 3.5 | G17: 凉山州 | I17: 5.2 | K17: 7.1
A18: 昭通市 | B18: 428.5079 | C18: 4 | D18: 532.2633 | E18: 4.2 | G18: 昭通市 | I18: 3.5 | K18: 8.5
A19: 丽江市 | B19: 114.9139 | C19: -7.8 | D19: 222.6516 | E19: 4.6 | G19: 丽江市 | I19: 4.4 | K19: 9.5
A20: 楚雄州 | B20: 347.5336 | C20: -13.5 | D20: 526.1191 | E20: 4.7 | G20: 楚雄州 | I20: 3.4 | K20: 9.2
A21: 大理州 | B21: 301.4629 | C21: 1.1 | D21: 567.2424 | E21: 3.2 | G21: 大理州 | I21: 2.7 | K21: 7

Sheet 世界经济
A1: 八.世界经济
A3: 世界经济增长率 | B3: 2025年 | C3: 2026年 | D3: 世界贸易增长率 | E3: 2025年 | F3: 2026年
A4: 国际货币基金组织(IMF，2026年7月)（%） | D4: 国际货币基金组织(IMF，2026年7月)（%）
A5: 世界 | B5: 3.5 | C5: 3 | D5: 世界 | E5: 5 | F5: 3.5
A6: 发达国家 | B6: 1.9 | C6: 1.7 | D6: 发达国家 | E6: 4.2 | F6: 3.4
A7: 美国 | B7: 2.1 | C7: 2.3 | D7: 进口
A8: 欧元区 | B8: 1.4 | C8: 0.9 | D8: 出口
A9: 日本 | B9: 1.1 | C9: 0.6 | D9: 发展中国家 | E9: 6.4 | F9: 3.6
A10: 发展中国家 | B10: 4.5 | C10: 3.8 | D10: 进口
A11: 印度 | B11: 7.7 | C11: 6.4 | D11: 出口
A12: 俄罗斯 | B12: 1 | C12: 1.1
A13: 巴西 | B13: 2.3 | C13: 2.4 | D13: 消费者价格涨跌率 | E13: 2025年 | F13: 2026年
A14: 世界银行（WB,2026年6月）（%） | D14: 国际货币基金组织(IMF，2026年7月)（%）
A15: 世界 | B15: 2.9 | C15: 2.5 | D15: 世界 | E15: 4.1 | F15: 4.7
A16: 发达国家 | B16: 1.8 | C16: 1.5 | D16: 发达国家 | E16: 2.5 | F16: 3
A17: 发展中国家 | B17: 4.4 | C17: 3.6 | D17: 发展中国家 | E17: 5.2 | F17: 5.8
D18: 注： IMF公布的世界及分类数据按照购买力平价方法汇总，世界银行按照汇率法进行汇总 2025年为估计值、2026年为预测值
D20: 资料来源：国家统计局

Sheet 图

Sheet 农普
A1: 农业普查小知识
A3: 农业普查是一项重大的国情国力调查，与人口普查、经济普查组成三大周期性全国普查项目。农业普查是对我国境内的农村住户（农村农业生产经营户、其他住户）、城镇农业生产经营户、农业生产经营单位、村民委员会、乡镇人民政府进行的一项全面调查，主要了解农业生产条件、粮食和大食物生产情况、农业新质生产力情况、乡村发展基本情况、农村居民生活情况和发展变化情况。通过普查建立完备的普查对象信息库，为常规统计调查提供基础，确保农业农村统计在普查之后能持续提供全面、及时、准确的统计数据服务。
A4: 农业普查每10年进行一次，尾数逢6的年份为普查年度，标准时点为普查年度的12月31日24时，普查时期资料为普查年份的年度资料。目前，我国已在1996年、2006年和2016年分别开展了三次全国农业普查。
A5: 第四次全国农业普查是在以中国式现代化全面推进中华民族伟大复兴的新征程上开展的一项重大国情国力调查。此次普查将全面摸清新时代我国“三农”家底，客观反映农业发展新情况、乡村建设新面貌、农民生活新变化、农村改革新成效，对于科学制定“三农”政策、推进乡村全面振兴、加快农业农村现代化、建设农业强国具有重要意义。

Sheet 法律法规
A4: 关于印发《清理违反统计法律法规文件办法（试行）》的通知
A5: 川统计〔2016〕14号
A6: 各市（州）统计局，省局各处(室、中心、所)：
A7: 市（州）、县（市、区）制定的有关文件符合统计法律、法规，提升依法行政、依法统计水平，省统计局制定了《清理违反统计法律法规文件办法（试行）》,现印发你们，请结合实际认真执行。
A8: 四川省统计局
A9: 42414
A10: 清理违反统计法律法规文件办法（试行）
A11: 第一条 为了确保市（州）、县（市、区）制定的有关文件符合统计法律、法规，提升依法行政、依法统计水平，依据《统计法》、《四川省统计管理条例》、四川省政府有关文件和国家统计局的有关要求，结合四川实际，制定本办法。
A12: 第二条 本办法适用于市（州）、县（市、区）政府统计部门。
A13: 第三条 本办法的清理范围是：市（州）、县（市、区）人民政府及其有关部门制定的涉及统计工作的文件。
A14: 第四条 本办法清理的主要内容是：
A15: （一）将统计部门列为经济增长、居民收入、节能降耗、招商引资等经济发展目标任务的牵头单位（责任单位）的文件；
A16: （二）要求统计部门提供单个统计调查对象资料（含录音录像资料）的文件；
A17: （三）向企业下达经济指标、分解目标任务，要求企业按指标任务上报统计数据的文件；
A18: （四）其他可能干预企业独立报送统计数据的文件。
A19: 第五条 各市（州）、县（市、区）统计局每年开展一次清理工作。对清理出来的违法、违规文件要登记造册，在清单上列明发文单位、文件名称、发文时间、文件内容等，并于5月底前逐级上报上级政府统计机构法治部门。
A20: 第六条 发现的违反统计法律法规文件，市（州）、县（市、区）统计部门要及时向政府汇报，并督促有关部门依法予以废止。
A21: 第七条 发现有下列情形之一的，要追究有关人员责任：
... A29: 第九条 本办法自印发之日起施行。

Sheet 数据源
A2: GDP
B3: 2023上半年 | C3: 前３季度 | D3: 全年 | E3: 2024年1季度 | F3: 上半年 | G3: 前3季度 | H3: 全年 | I3: 2025年1季度 | J3: 上半年 | K3: 2025年前3季度 | L3: 全年 | M3: 2026年1季度 | N3: 上半年
A4: 全国 | B4: 5.5 | C4: 5.2 | D4: 5.2 | E4: 5.3 | F4: 5 | G4: 4.8 | H4: 5 | I4: 5.4 | J4: 5.3 | K4: 5.2 | L4: 5 | M4: 5 | N4: 4.7
A5: 全省 | B5: 5.5 | C5: 6.5 | D5: 6 | E5: 6.1 | F5: 5.4 | G5: 5.3 | H5: 5.7 | I5: 5.5 | J5: 5.6 | K5: 5.5 | L5: 5.5 | M5: 5.5 | N5: 4.8
A6: 全市 | B6: 5.5 | C6: 6.6 | D6: 6.5 | E6: 7 | F6: 6.5 | G6: 6.2 | H6: 6.3 | I6: 5.4 | J6: 5.6 | K6: 4.5 | L6: 3.2 | M6: 3.6 | N6: 4.4
A8: 规上工业
B9: 46204 | C9: 8月 | D9: 9月 | E9: 10月 | F9: 11月 | G9: 12月 | H9: 46054 | I9: 3月 | J9: 4月 | K9: 5月 | L9: 6月 | M9: 7月
A10: 全国 | B10: 6.3 | C10: 6.2 | D10: 6.2 | E10: 6.1 | F10: 6 | G10: 5.9 | H10: 6.3 | I10: 6.1 | J10: 5.6 | K10: 5.4 | L10: 5.4 | M10: 5.3
A11: 全省 | B11: 7.2 | C11: 7.2 | D11: 7.1 | E11: 5.8 | F11: 6.8 | G11: 6.5 | H11: 6.7 | I11: 6.9 | J11: 6 | K11: 6 | L11: 6.4 | M11: 6.6
A12: 全市 | B12: 5.3 | C12: 4.6 | D12: 4.5 | E12: 4.6 | F12: 4.5 | G12: -5 | H12: -3.1 | I12: -2.5 | J12: 0.1 | K12: 4.3 | L12: 4.9 | M12: 5.7
A14: 投资
B15: 46204 | C15: 8月 | D15: 9月 | E15: 10月 | F15: 11月 | G15: 12月 | H15: 46054 | I15: ３月 | J15: 4月 | K15: 5月 | L15: 6月 | M15: 7月
A16: 全国 | B16: 1.6 | C16: 0.5 | D16: -0.5 | E16: -1.7 | F16: -2.6 | G16: -3.8 | H16: 1.8 | I16: 1.7 | J16: -1.6 | K16: -4.1 | L16: -5.7 | M16: -6.7
A17: 全省 | B17: 2 | C17: 0.9 | D17: 0.4 | E17: -0.5 | F17: -0.6 | G17: -2.4 | H17: 2.6 | I17: 2.7 | J17: 0.3 | K17: -2 | L17: -2.2 | M17: -2.7
A18: 全市 | B18: 2.4 | C18: 2.5 | D18: 3.3 | E18: 4.5 | F18: 4.5 | G18: 4.7 | H18: 3.4 | I18: 6.2 | J18: -1.5 | K18: 0.2 | L18: 0.2 | M18: 0.9
A21: 社消零
B22: 46204 | C22: 8月 | D22: 9月 | E22: 10月 | F22: 11月 | G22: 12月 | H22: 46054 | I22: ３月 | J22: 4月 | K22: 5月 | L22: 6月 | M22: 7月
A23: 全国 | B23: 4.8 | C23: 4.6 | D23: 4.5 | E23: 4.3 | F23: 4 | G23: 3.7 | H23: 2.8 | I23: 2.4 | J23: 1.9 | K23: 1.4 | L23: 1.3 | M23: 1.2
A24: 全省 | B24: 5.6 | C24: 5.7 | D24: 5.8 | E24: 6 | F24: 5.5 | G24: 5.1 | H24: 2.7 | I24: 3.3 | J24: 2.6 | K24: 2 | L24: 2 | M24: 1.9
A25: 全市 | B25: 5.5 | C25: 5.5 | D25: 5.7 | E25: 5.7 | F25: 5.8 | G25: 5.8 | H25: 4.8 | I25: 4.8 | J25: 4.9 | K25: 4.3 | L25: 4.1 | M25: 4.1

Sheet 封底
A1: 坚持依法统计 服务科学发展
A2: ——摘自《中华人民共和国统计法实施条例》
A3: 第四条 地方人民政府、县级以上人民政府统计机构和有关部门应当根据国家有关规定，明确本单位防范和惩治统计造假、弄虚作假的责任主体，严格执行统计法和本条例的规定。
A4: 地方人民政府、县级以上人民政府统计机构和有关部门及其负责人应当保障统计活动依法进行，不得侵犯统计机构、统计人员独立行使统计调查、统计报告、统计监督职权，不得非法干预统计调查对象提供统计资料，不得统计造假、弄虚作假。
A5: 统计调查对象应当依照统计法和国家有关规定，真实、准确、完整、及时地提供统计资料，拒绝、抵制弄虚作假等违法行为。
A6: 第二十八条 公布统计资料应当按照国家有关规定进行。公布前，任何单位和个人不得违反国家有关规定对外提供，不得利用尚未公布的统计资料谋取不正当利益。
A7: 第三十条 统计调查中获得的能够识别或者推断单个统计调查对象身份的资料应当依法严格管理，除作为统计执法依据外，不得直接作为对统计调查对象实施行政许可、行政处罚等具体行政行为的依据，不得用于完成统计任务以外的目的。
A8: 第四十七条 地方各级人民政府、县级以上人民政府有关部门拒绝、阻碍统计监督检查或者转移、隐匿、篡改、毁弃原始记录和凭证、统计台账、统计调查表及其他相关证明和资料的，由上级人民政府、上级人民政府统计机构或者本级人民政府统计机构责令改正，予以通报。

Sheet Sheet1
J23: 规上工业
J24: 在库 总数 | K24: 新增
I25: 全 市 | J25: 535 | K25: 2
I26: 东 区 | J26: 94 | K26: 1
I27: 西 区 | J27: 93 | K27: 1
I28: 仁和区 | J28: 178
I29: 米易县 | J29: 84
I30: 盐边县 | J30: 86
